 Dungeon Crawl Stone Soup version 0.25-a0-1073-gf4359a17dd (webtiles) character file.

Game seed: 14513313669931098182, levelgen mode: deterministic

11536 Flugslaktarn the Cleaver (level 11, -11/59 HPs)
             Began as a Vine Stalker Fighter on May 14, 2020.
             Was a Priest of Makhleb.
             Blown up by an eye of devastation (12 damage)
             ... with a bolt of energy
             ... while paralysed by a floating eye
             ... in a Gauntlet.
             The game lasted 00:06:23 (10386 turns).

Flugslaktarn the Cleaver (Vine Stalker Fighter)    Turns: 10386, Time: 00:06:24

Health: -11/59     AC: 22    Str: 22    XL:     11   Next: 79%
Magic:  0/16       EV:  2    Int:  8    God:    Makhleb [***...]
Gold:   732        SH:  0    Dex: 17    Spells: 10/10 levels left

rFire    . . .     SeeInvis .   a - +1 war axe
rCold    + . .     Gourm    .   I - +0 kite shield
rNeg     . . .     Faith    +   k - +0 plate armour
rPois    .         Spirit   +   f - +0 helmet
rElec    .         Reflect  .   L - +0 cloak {Stlth+}
rCorr    .         Harm     .   s - +1 pair of gloves {Dex+3}
MR       +....     NoTele   +   (no boots)
Stlth    ..........             C - amulet of faith
HPRegen  0.59/turn              p - +4 ring of protection
MPRegen  0.15/turn              c - ring of protection from cold

@: confused, paralysed
A: fangs 3, regeneration 1, magic shield, antimagic bite, no potion heal 3, rot
immunity
a: Minor Destruction, Lesser Servant of Makhleb, Renounce Religion


You were in a Gauntlet.
You worshipped Makhleb.
Makhleb was most pleased with you.
You were not hungry.

You visited 3 branches of the dungeon, and saw 14 of its levels.
You also visited: Sewer and Gauntlet.

You collected 732 gold pieces.

Inventory:

Hand Weapons
 a - a +1 war axe (weapon)
 u - a +3 hand axe
   (You took it off an orc on level 3 of the Dungeon)
Missiles
 B - 2 curare-tipped darts (quivered)
Armour
 f - a +0 helmet (worn)
   (You found it on level 3 of the Dungeon)
 k - a +0 plate armour (worn)
   (You found it on level 6 of the Dungeon)
 l - a scarf of resistance
   (You found it on level 6 of the Dungeon)
 s - a +1 pair of gloves of dexterity (worn)
   (You found it in a sewer)
 I - a +0 kite shield (worn)
 L - a +0 cloak of stealth (worn)
   (You found it on level 1 of the Lair of Beasts)
Jewellery
 c - a ring of protection from cold (right hand)
   (You found it on level 7 of the Dungeon)
 p - a +4 ring of protection (left hand)
   (You found it on level 4 of the Dungeon)
 C - an amulet of faith (around neck)
   (You found it on level 8 of the Dungeon)
Wands
 m - a wand of acid (12)
   (You found it on level 7 of the Dungeon)
 E - a wand of iceblast (17)
   (You found it on level 8 of the Dungeon)
 K - a wand of paralysis (9)
   (You found it on level 11 of the Dungeon)
Scrolls
 g - 3 scrolls of magic mapping
 j - a scroll of immolation
 t - 3 scrolls of teleportation
 x - 10 scrolls of remove curse
 y - a scroll of enchant armour
 z - 4 scrolls of blinking
 G - 3 scrolls of fear
 H - a scroll of summoning
Potions
 b - 3 potions of stabbing
 d - 3 potions of might
 h - 3 potions of haste
 i - 2 potions of experience {unknown}
 n - 3 potions of flight
 o - 7 potions of lignification
 q - 9 potions of curing
 v - a potion of mutation {unknown}
 w - a potion of berserk rage {unknown}
 A - 2 potions of ambrosia {unknown}
 D - a potion of cancellation {unknown}
 F - a potion of resistance {unknown}
Miscellaneous
 J - a tin of tremorstones (3/3)
   (You found it on level 2 of the Lair of Beasts)
Comestibles
 e - 27 rations


   Skills:
 - Level 7.7 Fighting
 - Level 10.4 Axes
 - Level 7.1 Armour
 - Level 7.7 Shields
 - Level 5.3 Invocations
 + Level 0.0 Evocations


You had 10 spell levels left.
You didn't know any spells.
Your spell library was empty.

Dungeon Overview and Level Annotations

Branches:
Dungeon (11/15)            Temple (1/1) D:7            Lair (2/6) D:9
  Snake (0/4) Lair:2          Orc (0/2) D:10          Sewer (visited)
Gauntlet (1/1)
  Swamp: Lair:2-4    Shoals: Lair:2-4

Altars:
Ashenzari
Cheibriados
Dithmenos
Elyvilon
Fedhas
Gozag
Hepliaklqana
Kikubaaqudgha
Makhleb
Nemelex Xobeh
Okawaru
Qazlal
Ru
Sif Muna
Vehumet
Wu Jian
Xom
Yredelemnul
The Shining One

Shops:
D:5 [   D:11 %

Annotations:
D:6 2 transporters, p0werm0de's ghost, novice OpFi Gauntlet 15 transporters, 21 runed translucent doors, exclusion: oklob plant


Innate Abilities, Weirdness & Mutations

You have razor-sharp teeth.
Your natural rate of healing is unusually fast.
When hurt, damage is shared between your health and your magic reserves.
Your bite disrupts and absorbs the magic of your enemies.
Potions cannot restore your health.
You are immune to rotting.


Message History

The golden eye turns its gaze towards you.
The eye of devastation gazes at you.
The bolt of energy hits the plant!!
The bolt of energy hits you!!
The floating eye gazes piercingly through you!
You suddenly lose the ability to move!
The golden eye turns its gaze towards you.
The golden eye blinks at you.
You are more confused.
The eye of devastation gazes at you.
The bolt of energy hits the plant!!
The plant is blown up!
The bolt of energy hits you!!!
Ouch! That really hurt!
* * * LOW HITPOINT WARNING * * *
The golden eye turns its gaze towards you.
The golden eye blinks!
The floating eye's view fixates on you. The eye of devastation gazes at you.
The bolt of energy hits you!
You die...

....^.#...#.........#.#..########
....#.#...#......P..#.#..#8#
#5##..#...#.P#...#P.#.#..###
#.##..#...#.PPP.PP.(#.#..#
^©^#..#©.©#..P.©.P.©#©#..###
#.##.3#...#.GP..PP.:###..#8#
#.##.5#...#.G#P.P#G.#....###
....#5#.∩.#.P....P..#....#
....55#...#.....@§..#..###
#######...###########..#8#
......§................###
......§≈∩≈............§#
######################## # #8#
#8# #8# #8# #8# # ### ### ### ###
###


You could see an eye of devastation, a floating eye (charged) and a golden eye.

Vanquished Creatures
  3 two-headed ogres
  A cyclops (D:11)
  An elephant (D:9)
  2 centaur skeletons
  2 spiny frogs (Lair:1)
  3 komodo dragons
  3 hippogriffs
  A wyvern (D:9)
  A vampire (D:11)
  A yak (D:9)
  A human (D:8)
  A hungry ghost (D:8)
  A water moccasin (D:11)
  Duvessa (D:6)
  A sky beast (D:9)
  An orc warrior (D:7)
  3 phantoms
  7 ice beasts
  A black bear (D:5)
  5 ogres
  5 wolves (Lair:1)
  4 crocodiles
  4 centaurs
  5 big kobolds
  7 bullfrogs
  A gnoll sergeant (D:7)
  Dowan (D:6)
  2 scorpions
  3 killer bees (D:8)
  4 wights (D:8)
  3 crimson imps
  A centaur zombie (D:5)
  A quasit (D:7)
  2 gnoll shamans (D:7)
  4 hounds
  11 orc wizards
  2 orc priests (D:7)
  3 bullfrog skeletons
  6 iguanas
  Terence (D:2)
  7 worker ants
  A killer bee zombie (D:5)
  A hound skeleton (D:8)
  6 gnolls (D:7)
  2 howler monkey skeletons
  16 adders
  5 river rats (Sewer)
  3 shadow imps
  3 oozes
  2 adder zombies
  An adder skeleton (D:4)
  2 worms
  4 dart slugs
  2 leopard geckos (D:1)
  26 orcs
  6 ball pythons
  5 bats
  7 giant cockroaches
  10 goblins
  12 hobgoblins
  7 jackals
  8 quokkas
  5 frilled lizards
  A jackal skeleton (D:5)
  41 kobolds
  A leopard gecko skeleton (D:6)
  A quokka zombie (D:5)
  31 rats
326 creatures vanquished.

Vanquished Creatures (others)
  A fungus (Gauntlet)
  A plant (Gauntlet)
2 creatures vanquished.

Grand Total: 328 creatures vanquished

Notes
Turn   | Place    | Note
-------+----------+-------------------------------------------
     0 | D:1      | Flugslaktarn the Vine Stalker Fighter began the quest for
                  | the Orb.
     0 | D:1      | Reached XP level 1. HP: 11/11 MP: 2/2
    72 | D:1      | Reached skill level 2 in Axes
    86 | D:1      | Reached XP level 2. HP: 16/16 MP: 3/3
   266 | D:1      | Reached XP level 3. HP: 19/19 MP: 4/4
   968 | D:2      | Gained mutation: Your natural rate of healing is unusually
                  | fast. [Vine Stalker growth]
   968 | D:2      | Reached XP level 4. HP: 17/24 MP: 5/5
  1066 | D:2      | Noticed Terence
  1075 | D:2      | Killed Terence
  1195 | D:3      | Reached skill level 3 in Axes
  1429 | D:3      | Reached XP level 5. HP: 28/28 MP: 6/6
  2000 | D:4      | Found a blossoming altar of Fedhas.
  2292 | D:4      | Reached XP level 6. HP: 32/32 MP: 7/7
  2319 | D:4      | Noticed a phantom
  2326 | D:4      | Reached skill level 4 in Axes
  2338 | D:4      | Killed a phantom
  2369 | D:4      | Found a shimmering blue altar of Sif Muna.
  2419 | D:4      | Reached XP level 7. HP: 37/37 MP: 6/8
  3063 | D:5      | Entered Level 5 of the Dungeon
  3223 | D:5      | Reached skill level 5 in Axes
  3258 | D:5      | Found a glowing drain.
  3275 | Sewer    | Entered a sewer
  3525 | Sewer    | Gained mutation: You have razor-sharp teeth. [Vine Stalker
                  | growth]
  3525 | Sewer    | Reached XP level 8. HP: 42/42 MP: 9/9
  3878 | D:5      | Reached skill level 6 in Axes
  3918 | D:5      | Found a glowing golden altar of the Shining One.
  3979 | D:5      | Reached skill level 5 in Shields
  4024 | D:5      | Found Budgh's Antique Armour Boutique.
  4029 | D:5      | Reached skill level 5 in Fighting
  4315 | D:6      | Reached XP level 9. HP: 25/47 MP: 5/10
  4371 | D:6      | Noticed p0werm0de's ghost (novice OpFi)
  4372 | D:6      | Found a transporter.
  4427 | D:6      | Found a shimmering altar of Xom.
  4455 | D:6      | Found a transporter.
  4474 | D:6      | Noticed Dowan
  4476 | D:6      | Reached skill level 7 in Axes
  4476 | D:6      | Reached skill level 5 in Armour
  4476 | D:6      | Noticed Duvessa
  4487 | D:6      | Killed Duvessa
  4490 | D:6      | Killed Dowan
  4728 | D:6      | Found a snail-covered altar of Cheibriados.
  4728 | D:6      | Found a hazy altar of Hepliaklqana.
  4729 | D:6      | Found a radiant altar of Vehumet.
  5047 | D:7      | Found a staircase to the Ecumenical Temple.
  5057 | Temple   | Entered the Ecumenical Temple
  5115 | Temple   | Became a worshipper of Makhleb the Destroyer
  5529 | D:7      | Found an iron altar of Okawaru.
  5660 | D:7      | Reached skill level 1 in Invocations
  5970 | D:7      | Reached * piety under Makhleb
  5978 | D:7      | Reached skill level 8 in Axes
  5985 | D:7      | Reached XP level 10. HP: 53/53 MP: 10/12
  6630 | D:8      | Reached ** piety under Makhleb
  6726 | D:8      | Found a shimmering altar of Xom.
  7216 | D:9      | Found a staircase to the Lair.
  7216 | D:9      | Noticed an elephant
  7222 | D:9      | Reached skill level 9 in Axes
  7252 | D:9      | Killed an elephant
  7380 | D:9      | Found an ornate altar of the Wu Jian Council.
  7655 | D:9      | Reached XP level 11. HP: 55/58 MP: 11/15
  8034 | D:10     | Entered Level 10 of the Dungeon
  8037 | D:10     | Reached *** piety under Makhleb
  8354 | D:10     | Found a staircase to the Orcish Mines.
  8361 | D:10     | You fall into a shaft and drop 1 floor!
  8363 | D:11     | Found Runeq's Food Shoppe.
  8427 | D:11     | Noticed a two-headed ogre
  8434 | D:11     | Killed a two-headed ogre
  8496 | D:11     | Noticed a two-headed ogre
  8509 | D:11     | Killed a two-headed ogre
  8595 | D:11     | Noticed a cyclops
  8603 | D:11     | Killed a cyclops
  8831 | D:11     | Reached skill level 10 in Axes
  9102 | D:10     | Noticed a two-headed ogre
  9112 | D:10     | Killed a two-headed ogre
  9289 | Lair:1   | Entered Level 1 of the Lair of Beasts
  9319 | Lair:1   | Reached skill level 5 in Invocations
  9960 | Lair:2   | Found a gate leading to a gauntlet.
  9997 | Gauntlet | Entered a Gauntlet
  9997 | Gauntlet | Found a transporter.
  9997 | Gauntlet | Found a transporter.
 10001 | Gauntlet | Found a transporter.
 10001 | Gauntlet | Found a transporter.
 10010 | Gauntlet | Found a transporter.
 10029 | Gauntlet | Found a transporter.
 10035 | Gauntlet | Noticed a thrashing horror
 10039 | Gauntlet | Found a transporter.
 10042 | Gauntlet | Found a transporter.
 10063 | Gauntlet | Found a transporter.
 10068 | Gauntlet | Noticed a fire crab
 10072 | Gauntlet | Found a transporter.
 10072 | Gauntlet | Found a large runed translucent door.
 10088 | Gauntlet | Found a transporter.
 10108 | Gauntlet | Noticed a sixfirhy
 10110 | Gauntlet | Found a transporter.
 10146 | Gauntlet | Found a transporter.
 10148 | Gauntlet | Found a large runed translucent door.
 10148 | Gauntlet | Found a large runed translucent door.
 10149 | Gauntlet | Found a large runed translucent door.
 10149 | Gauntlet | Found a large runed translucent door.
 10150 | Gauntlet | Found a large runed translucent door.
 10150 | Gauntlet | Found a runed translucent door.
 10150 | Gauntlet | Found a large runed translucent door.
 10150 | Gauntlet | Found a runed translucent door.
 10150 | Gauntlet | Found a large runed translucent door.
 10150 | Gauntlet | Found a large runed translucent door.
 10151 | Gauntlet | Found a large runed translucent door.
 10151 | Gauntlet | Found a large runed translucent door.
 10154 | Gauntlet | Found a large runed translucent door.
 10154 | Gauntlet | Found a large runed translucent door.
 10156 | Gauntlet | Found a large runed translucent door.
 10156 | Gauntlet | Found a large runed translucent door.
 10156 | Gauntlet | Found a large runed translucent door.
 10158 | Gauntlet | Found a runed translucent gate.
 10158 | Gauntlet | Found a runed translucent gate.
 10158 | Gauntlet | Found a runed translucent gate.
 10159 | Gauntlet | Noticed an oklob plant
 10160 | Gauntlet | Found a transporter.
 10261 | Gauntlet | Found a transporter.
 10281 | Gauntlet | Found a transporter.
 10363 | Gauntlet | Paralysed by a floating eye for 3 turns
 10368 | Gauntlet | Paralysed by a floating eye for 3 turns
 10373 | Gauntlet | Paralysed by a floating eye for 4 turns
 10380 | Gauntlet | Paralysed by a floating eye for 2 turns
 10384 | Gauntlet | Paralysed by a floating eye for 4 turns
 10385 | Gauntlet | HP: 1/59 [disintegration (44)]
 10386 | Gauntlet | Blown up by an eye of devastation

Illustrated notes

Levels and vault maps discovered:
D:1:      eino_arrival_cavern_d, layout_rooms
D:2:      layout_loops_cross, uniq_terence
D:3:      layout_basic, first_ration
D:4:      minmay_angry_zag, layout_basic, lemuel_crystal_altar,
          lemuel_crystal_altar
D:5:      layout_gridville, kennysheep_little_box, serial_shops,
          nicolae_shop_statue_plus, portal_sewer_entry_a
D:6:      layout_gridville, gammafunk_temple_overflow_claw, basic_altar,
          gammafunk_ghost_arena, uniq_duvessa
D:7:      kennysheep_housing_project, layout_layer_cave,
          okawaru_metal_pillars_1_2, minmay_temple_entry_junction
D:8:      layout_loops_ring, basic_altar, grunt_pizzeria
D:9:      layout_gridville, nicolae_overflow_crystal_walls, david_lair_generic,
          roderic_lattice_a
D:10:     layout_roguey, orc_0_dummy
D:11:     layout_loops_cross, serial_shops, shop
Temple:   nicolae_temple_great_sept
Lair:1:   layout_roguey
Lair:2:   layout_loops_ring, minmay_snake_entry_guardpost_small,
          gauntlet_entry_generic, serial_forest, infiniplex_forest_lined_3_way,
          infiniplex_forest_clump_medium, infiniplex_forest_lined_1,
          infiniplex_forest_lined_3_way, infiniplex_forest_zigzag_1,
          infiniplex_forest_zigzag_1, infiniplex_forest_lined_corner,
          infiniplex_forest_lined_2, infiniplex_forest_clump_curved,
          chequers_serial_rivers_micro_a
Gauntlet: gammafunk_gauntlet_branching [gammafunk_gauntlet_arena_hedges,
          nicolae_gauntlet_arena_blocks, nicolae_gauntlet_arena_grate_2,
          nicolae_gauntlet_arena_flowing_pool, gammafunk_gauntlet_arena_open,
          minmay_gauntlet_arena_make_your_own_arena,
          gammafunk_gauntlet_arena_spirals, gammafunk_gauntlet_arena_split_x,
          gauntlet_exit_spiral]

Skill      XL: |  1  2  3  4  5  6  7  8  9 10 11 |
---------------+----------------------------------+-----
Axes           | 2 3 4 5 6 8 9 10 | 10.4
Shields        | 3 4 5 6 7 |  7.7
Fighting       | 3 4 5 6 7 |  7.7
Armour         | 3 4 5 6 7 |  7.1
Invocations    | 1 4 5 |  5.3

Action                   |  1- 3 |  4- 6 |  7- 9 | 10-12 || total
-------------------------+-------+-------+-------+-------++-------
Melee: War axe           |    67 |   120 |   343 |   383 ||   913
       Bite              |    14 |    38 |   123 |   168 ||   343
       Hand axe          |       |    33 |       |       ||    33
  Use: Scroll            |       |    11 |     5 |     7 ||    23
  Eat: Chunk             |       |     5 |     9 |    12 ||    26
       Ration            |       |       |     1 |     1 ||     2
Armor: Scale mail        |    18 |       |       |       ||    18
       Chain mail        |    19 |    79 |   129 |       ||   227
       Plate armour      |       |       |    75 |   183 ||   258
Dodge: Dodged            |    12 |    29 |    63 |    81 ||   185
Block: Kite shield       |    31 |    85 |   201 |   225 ||   542

Table legend:
 A = Non-vault XP
 B = Vault XP
 C = Vault XP percentage of total XP
 D = Non-vault monster count
 E = Vault monster count
 F = Vault count percentage of total count
                 A         B        C        D         E       F
            +---------+---------+-------+---------+---------+-------
      Total |   13691 |    2790 |  16.9 |     232 |      94 |  28.8
            +---------+---------+-------+---------+---------+-------
        D:1 |      43 |       0 |   0.0 |      24 |       0 |   0.0
        D:2 |      46 |      36 |  43.9 |      13 |       1 |   7.1
        D:3 |      89 |       0 |   0.0 |      30 |       0 |   0.0
        D:4 |     256 |     310 |  54.8 |      21 |       5 |  19.2
        D:5 |    1196 |      17 |   1.4 |      28 |       4 |  12.5
        D:6 |     856 |     223 |  20.7 |      19 |       2 |   9.5
        D:7 |     650 |     889 |  57.8 |      20 |      29 |  59.2
        D:8 |    2406 |     189 |   7.3 |      34 |       1 |   2.9
        D:9 |    1036 |     875 |  45.8 |      18 |       4 |  18.2
       D:10 |    1333 |       0 |   0.0 |       3 |       0 |   0.0
       D:11 |    3234 |       0 |   0.0 |      10 |       0 |   0.0
     Lair:1 |    1635 |       0 |   0.0 |       8 |       0 |   0.0
     Lair:2 |     911 |       0 |   0.0 |       4 |       0 |   0.0
      Sewer |       0 |     251 | 100.0 |       0 |      48 | 100.0
            +---------+---------+-------+---------+---------+-------
